 Dungeon Crawl Stone Soup version 0.30.0-5-g1a98f26d00 (webtiles) character file.

Game seed: 14320228902120853385

532 ProzacElf the Slasher (level 7, -5/84 HPs)
             Began as a Demonspawn Fighter on May 13, 2023.
             Splashed by a jelly's acid (10 damage)
             ... on level 4 of the Dungeon.
             The game lasted 00:08:23 (3040 turns).

ProzacElf the Slasher (Demonspawn Fighter)          Turns: 3040, Time: 00:08:24

Health: -5/84      AC: -7    Str: 18    XL:     7   Next: 3%
Magic:  7/7        EV:  5    Int: 10    God:
Gold:   346        SH:  4    Dex: 12    Spells: 6/6 levels left

rFire   . . .        b - +2 dagger (venom)
rCold   . . .        c - +0 buckler
rNeg    . . .        y - +0 plate armour
rPois   +            (helmet restricted)
rElec   .            (no cloak)
rCorr   .            i - +0 pair of gloves
SInv    .            (no boots)
Will    .....        z - amulet of magic regeneration Stlth
                     f - ring of poison resistance
HPRegen 0.34/turn    m - ring of flight
MPRegen 0.50/turn

%: no passive effects
@: berserking, corroded, flying, very quick
A: antennae 1, powered by death 1, weakness stinger 2, demonic touch 1
a: no special abilities


You were on level 4 of the Dungeon.
You visited 1 branch of the dungeon, and saw 5 of its levels.

You collected 346 gold pieces.

Inventory:

Hand Weapons
 a - a +0 long sword
 b - a +2 dagger of venom (weapon)
 t - a +1 spear of venom
 B - a +3 mace
Missiles
 j - 12 poisoned darts (quivered)
 q - a throwing net
Armour
 c - a +0 buckler (worn)
 i - a +0 pair of gloves (worn)
 o - a +0 scale mail
 w - a +0 chain mail
 y - a +0 plate armour (worn)
Jewellery
 f - a ring of poison resistance (left hand)
 m - a ring of flight (right hand)
 z - an amulet of magic regeneration (around neck)
Wands
 A - a wand of polymorph (4)
Scrolls
 g - 2 scrolls of fog {unknown}
 h - 2 scrolls of noise {unknown}
 k - 2 scrolls of fear {unknown}
 p - a scroll of magic mapping {unknown}
 r - a scroll of enchant weapon {unknown}
 v - a scroll of amnesia {unknown}
 x - a scroll of teleportation
Potions
 d - a potion of might
 e - a potion of berserk rage
 l - a potion of degeneration {unknown}
 n - 2 potions of attraction
 s - 2 potions of haste
 u - 2 potions of mutation


   Skills:
 - Level 5.0 Fighting
 + Level 6.0 Long Blades
 - Level 2.6 Armour
 - Level 2.6 Shields


You had 6 spell levels left.
You didn't know any spells.
Your spell library was empty.

Dungeon Overview and Level Annotations

Branches:
Dungeon (5/15)
 Temple: D:4-7

Altars:
Cheibriados


Innate Abilities, Weirdness & Mutations

You have a pair of small antennae on your head.
You regenerate a little health from kills.
You have a tail ending in a sharp stinger.
Your touch may inflict minor irresistible damage on your foes.


Message History

Tha jelly hits ye but does nay damage.
Ye fly upwards.
Thar be a stone staircase leadin' down, spatt'red wit' blood 'ere.
Ye take 4 damage, an' haf 52/56 hp.
Ye hit tha jelly.
Tha jelly be poison'd.
Tha acid corrodes ye!
Yer hands burn!
Tha jelly be moderately wounded.
Yer attacks nay longer feel as feeble.
Ye take 5 damage, an' haf 47/56 hp.
Ye completely miss tha jelly.
Tha jelly be moderately wounded.
Tha jelly hits ye.
Tha acid corrodes ye!
Ye be splashed wit' acid!
Ye take 9 damage, an' haf 38/56 hp.
Ye hit tha jelly but do nay damage.
Tha jelly looks as sick as possible!
Yer hands burn!
Tha jelly be moderately wounded.
Tha jelly hits ye.
Tha acid corrodes ye!
Ye be splashed wit' acid!
Ye take 10 damage, an' haf 28/56 hp.
Ye be too injured ta fight recklessly!
Ye be too injured ta fight recklessly!
Ye hit tha jelly but do nay damage.
Tha acid corrodes ye!
Yer hands burn!
Ye tail-slap tha jelly, but do nay damage.
Tha jelly be moderately wounded.
Ye block tha jelly's attack.
Ye take 3 damage, an' haf 25/56 hp.
Ye hit tha jelly but do nay damage.
Yer hands burn!
Ye tail-slap tha jelly, but do nay damage.
Tha jelly be heavily wounded.
Tha jelly hits ye.
Tha acid corrodes ye!
Ye be splashed wit' acid!
* * * LOW HITPOINT WARNIN'
* * * Ye take 11 damage, an' haf 14/56 hp.
Tha jelly attacks as ye move away!
Tha jelly hits ye.
* * * LOW HITPOINT WARNIN'
* * * Ye be splashed wit' acid!
* * * LOW HITPOINT WARNIN'
* * * Ye take 10 damage, an' haf 4/56 hp.
A red film seems ta co'er yer vision as ye go berserk!
Ye feel yerself movin' faster!
Ye feel mighty!
Tha jelly hits ye.
* * * LOW HITPOINT WARNIN'
* * * Ye be splashed wit' acid!
Ye die...

#.....#.......................
#.....#.....................##
#.....#.....................#.
#.....#.....................#.
#.....#.....................#.
#.....##....................##
#.....##...###'###...###..#...
#.....##..$##...########..##.#
#.........)>J@...).....#.....#
#..........$...........#.....#
#......................#.....'
#.................>..).#.....#
##############################


You could see a jelly (very poisoned).

Vanquished Creatures
  Blork the orc (D:5)
  2 scorpions
  A howler monkey (D:4)
  2 hounds (D:4)
  A jelly (D:5)
  10 adders
  4 gnolls
  4 worms
  3 dart slugs
  2 orcs
  3 ball pythons
  7 endoplasms
  4 giant cockroaches
  5 goblins
  9 hobgoblins
  11 jackals
  3 quokkas
  2 frilled lizards
  9 kobolds
  3 rats
86 creatures vanquished.

Notes
Turn   | Place    | Note
-------+----------+-------------------------------------------
     0 | D:1      | ProzacElf the Demonspawn Fighter began the quest for the
                  | Orb.
     0 | D:1      | Reached XP level 1. HP: 18/18 MP: 1/1
   101 | D:2      | Reached skill level 2 in Long Blades
   160 | D:2      | Discovered your monstrous ancestry.
   160 | D:2      | Gained mutation: You have a pair of small antennae on your
                  | head. [demonic ancestry]
   160 | D:2      | Reached XP level 2. HP: 24/24 MP: 2/2
   225 | D:2      | Reached XP level 3. HP: 27/29 MP: 3/3
   506 | D:2      | Reached skill level 3 in Long Blades
   606 | D:2      | Gained mutation: Your touch may inflict minor irresistible
                  | damage on your foes. [demonic ancestry]
   606 | D:2      | Reached XP level 4. HP: 30/37 MP: 4/4
  1366 | D:3      | Noticed a scorpion
  1371 | D:3      | Killed a scorpion
  1372 | D:3      | Gained mutation: You have a small tail. [demonic ancestry]
  1372 | D:3      | Reached XP level 5. HP: 39/43 MP: 5/5
  1426 | D:3      | Found a snail-covered altar of Cheibriados.
  2048 | D:4      | Reached skill level 5 in Fighting
  2048 | D:4      | Reached skill level 4 in Long Blades
  2058 | D:4      | Gained mutation: You regenerate a little health from kills.
                  | [demonic ancestry]
  2058 | D:4      | Reached XP level 6. HP: 43/51 MP: 6/6
  2297 | D:4      | Reached skill level 5 in Long Blades
  2457 | D:5      | Entered Level 5 of the Dungeon
  2468 | D:5      | Noticed Blork the orc
  2498 | D:5      | Killed Blork the orc
  2896 | D:4      | Gained mutation: You have a tail ending in a sharp stinger.
                  | [demonic ancestry]
  2896 | D:4      | Reached XP level 7. HP: 40/56 MP: 7/7
  2959 | D:4      | Reached skill level 6 in Long Blades
  3040 | D:4      | Splashed by a jelly's acid

Illustrated notes

Levels and vault maps discovered:
D:1:      scummos_arrival_forest, layout_rooms
D:2:      layout_basic
D:3:      layout_rooms, cheibriados_altar_1, serial_park_tiny_pond
D:4:      layout_gridville, minmay_vboxes
D:5:      layout_layer_cave, minmay_diced_spiral, uniq_blork_the_orc

Skill      XL: |  1  2  3  4  5  6  7 |
---------------+----------------------+-----
Long Blades    | 2 3 4 5 6 |  6.0
Fighting       | 4 5 |  5.0
Armour         | |  2.6
Shields        | |  2.6

Action                     |  1- 3 |  4- 6 |  7- 9 || total
---------------------------+-------+-------+-------++-------
  Melee: Long sword        |   111 |    53 |       ||   164
         Spear             |       |    35 |       ||    35
         Dagger            |       |   133 |     9 ||   142
         Tailslap          |       |    17 |     3 ||    20
    Use: Scroll            |       |     6 |       ||     6
         Potion            |       |     1 |     1 ||     2
 Armour: Scale mail        |    60 |    43 |       ||   103
         Plate armour      |       |    32 |     5 ||    37
         Skin              |       |     1 |       ||     1
  Dodge: Dodged            |    55 |    73 |     2 ||   130
  Block: Buckler           |    35 |    45 |     1 ||    81

Action                     |  1- 3 |  4- 6 |  7- 9 || total
---------------------------+-------+-------+-------++-------
  Melee: Long sword        |   111 |    53 |       ||   164
         Spear             |       |    35 |       ||    35
         Dagger            |       |   133 |     9 ||   142
         Tailslap          |       |    17 |     3 ||    20
    Use: Scroll            |       |     6 |       ||     6
         Potion            |       |     1 |     1 ||     2
 Armour: Scale mail        |    60 |    43 |       ||   103
         Plate armour      |       |    32 |     5 ||    37
         Skin              |       |     1 |       ||     1
  Dodge: Dodged            |    55 |    73 |     2 ||   130
  Block: Buckler           |    35 |    45 |     1 ||    81

Levels and vault maps discovered:
D:1:      scummos_arrival_forest, layout_rooms
D:2:      layout_basic
D:3:      layout_rooms, cheibriados_altar_1, serial_park_tiny_pond
D:4:      layout_gridville, minmay_vboxes
D:5:      layout_layer_cave, minmay_diced_spiral, uniq_blork_the_orc
